 Dungeon Crawl Stone Soup version 0.31-a0-216-g22e908daa7 (webtiles) character file.

Game seed: 7201826933515433891

343 qw the Shooter (level 6, 0/52 HPs)
             Began as a Minotaur Hexslinger on July 2, 2023.
             Slain by a black bear (2 damage)
             ... on level 4 of the Dungeon.
             The game lasted 00:01:11 (2935 turns).

qw the Shooter (Minotaur Hexslinger)                Turns: 2935, Time: 00:01:12

Health: 0/52       AC:  5    Str: 13    XL:     6   Next: 31%
Magic:  6/6        EV: 11    Int: 10    God:
Gold:   154        SH:  0    Dex: 14    Spells: 6/7 levels left

rFire   . . .        Y - +1 sling
rCold   . . .        (no shield)
rNeg    . . .        f - +0 ring mail
rPois   .            (helmet restricted)
rElec   .            (no cloak)
rCorr   .            (no gloves)
SInv    .            (no boots)
Will    .....        (no amulet)
Stlth   +            (no ring)
HPRegen 0.28/turn    (no ring)
MPRegen 0.10/turn

%: no passive effects
@: no status effects
A: horns 2, retaliatory headbutt
a: no special abilities


You were on level 4 of the Dungeon.
You visited 1 branch of the dungeon, and saw 4 of its levels.

You collected 154 gold pieces.


Innate Abilities, Weirdness & Mutations

You have a pair of horns on your head.
You reflexively headbutt those who attack you in melee.


   Skills:
 - Level 4.2 Fighting
 + Level 6.2 Ranged Weapons
 - Level 1.0 Armour
 - Level 2.1 Dodging
 - Level 1.0 Spellcasting
 - Level 2.0 Hexes


You had 6 spell levels left.
You knew the following spells:

 Your Spells              Type           Power      Damage    Failure   Level
a - Slow                  Hex            16%        N/A       32%         1

Your spell library contained the following spells:

 Spells                   Type           Power      Damage    Failure   Level
 Inner Flame              Hex/Fire       2%         N/A       82%         3
 Portal Projectile        Hex/Tloc       4%         N/A       82%         3
 Cause Fear               Hex            2%         N/A       97%         4

Inventory:

Hand Weapons
 Y - a +1 sling (weapon)
Armour
 f - a +0 ring mail (worn)
Jewellery
 g - an amulet of magic regeneration
Scrolls
 a - a scroll of enchant armour
 i - a scroll of acquirement {unknown}
Potions
 b - a potion of curing
 c - a potion of enlightenment {unknown}
 d - 2 potions of haste
 e - a potion of heal wounds {unknown}
 h - a potion of cancellation {unknown}
 j - a potion of attraction {unknown}

Dungeon Overview and Level Annotations

Branches:
Dungeon (4/15)
 Temple: D:4-7

Altars:
Makhleb

Shops:
D:3 :


Message History

The black bear is moderately wounded.
The black bear closely misses you. The black bear claws you.
The black bear misses you.
You shoot a sling bullet. The sling bullet hits the black bear.
The black bear is moderately wounded.
The black bear bites you but does no damage.
The black bear claws you.
The black bear claws you but does no damage.
You shoot a sling bullet. The sling bullet hits the black bear.
The black bear is heavily wounded.
The black bear closely misses you.
The black bear claws you but does no damage.
The black bear claws you. The black bear barely misses you.
The black bear claws you. The black bear barely misses you.
You shoot a sling bullet. The sling bullet hits the black bear.
The black bear is severely wounded.
The black bear bites you but does no damage.
The black bear misses you.
The black bear claws you but does no damage.
You shoot a sling bullet. The sling bullet hits the black bear.
The black bear is severely wounded.
The black bear goes berserk!
You shoot a sling bullet.
The sling bullet closely misses the black bear.
The black bear bites you.
The black bear claws you but does no damage.
The black bear claws you. The black bear bites you!
The black bear claws you but does no damage.
The black bear claws you.
You shoot a sling bullet.
The sling bullet hits the black bear but does no damage.
The black bear is severely wounded.
The black bear bites you. The black bear claws you. x2
The black bear barely misses you. The black bear claws you. x2
You shoot a sling bullet. The sling bullet hits the black bear.
The black bear is severely wounded.
The black bear bites you!
The black bear claws you but does no damage.
The black bear claws you.
You die...

....................
.######'#########'#
. #............. #..
.. #.............
#.. ...
#............. #..
.... #.............
#.. .....
#............. #..
......##'###.##+##..
##. ......h@...#.#
#+####.
...........#..
........
######.....#...
........ #.....'.
..........
#.....#... ........
#.....#... ........
#.....# .. ........
#.....# ........
#######


You could see a black bear (berserk).

Vanquished Creatures
  An ogre (D:4)
  A scorpion (D:4)
  2 iguanas (D:4)
  3 adders
  3 dart slugs
  A worm (D:2)
  9 orcs
  9 endoplasms
  4 giant cockroaches
  6 goblins
  15 hobgoblins
  7 jackals
  10 kobolds
  4 quokkas
  9 ball pythons
  4 bats
  7 frilled lizards
  5 rats
100 creatures vanquished.

Notes
Turn   | Place    | Note
-------+----------+-------------------------------------------
     0 | D:1      | qw the Minotaur Hexslinger began the quest for the Orb.
     0 | D:1      | Reached XP level 1. HP: 16/16 MP: 1/1
     0 | D:1      | 0 ||| qw: Version: 0.3-a-35-g05ef00e
     0 | D:1      | 0 ||| qw: Game counter: 7826
     0 | D:1      | 0 ||| qw: Melee chars always use a shield: true
     0 | D:1      | 0 ||| qw: God list: Okawaru
     0 | D:1      | 0 ||| qw: Allow faded altars: false
     0 | D:1      | 0 ||| qw: Do Orc after clearing Dungeon:15 true
     0 | D:1      | 0 ||| qw: Do second Lair branch before Depths: true
     0 | D:1      | 0 ||| qw: Lair rune preference: random
     0 | D:1      | 0 ||| qw: Goals: Normal
     0 | D:1      | 0 ||| PLANNING D:1-11
    76 | D:1      | Reached skill level 3 in Ranged Weapons
    77 | D:1      | Reached XP level 2. HP: 10/23 MP: 2/2
   112 | D:1      | 112 ||| FLEEEEING.
   247 | D:1      | Reached XP level 3. HP: 29/29 MP: 3/3
   483 | D:1      | Reached skill level 4 in Ranged Weapons
   572 | D:1      | 572 ||| READING scroll labelled SYWUUM YTIR.
   573 | D:1      | 573 ||| DROPPING scroll of poison.
   866 | D:2      | 866 ||| FLEEEEING.
   867 | D:2      | 867 ||| FLEEEEING.
   988 | D:2      | Reached XP level 4. HP: 36/36 MP: 4/4
  1311 | D:2      | 1311 ||| UPGRADING to +0 ring mail.
  1321 | D:2      | 1321 ||| DROPPING +0 robe.
  1322 | D:2      | 1322 ||| READING 2 scrolls labelled EREENA RUDGHE.
  1323 | D:2      | 1323 ||| READING scroll labelled YDOAPIAHIC.
  1324 | D:2      | 1324 ||| DRINKING 2 viscous green potions.
  1325 | D:2      | 1325 ||| DROPPING scroll of blinking.
  1449 | D:3      | Reached skill level 1 in Armour
  1508 | D:3      | Found Nadd's Book Emporium.
  1570 | D:3      | Found a burning altar of Makhleb.
  1642 | D:3      | Reached skill level 5 in Ranged Weapons
  2290 | D:3      | 2290 ||| DRINKING 3 orange potions.
  2350 | D:4      | Noticed an ogre
  2354 | D:4      | HP: 8/37 [ogre/+0 giant club (29)]
  2360 | D:4      | Killed an ogre
  2361 | D:4      | Reached XP level 5. HP: 12/46 MP: 5/5
  2587 | D:4      | Reached XP level 6. HP: 52/52 MP: 6/6
  2620 | D:4      | Reached skill level 6 in Ranged Weapons
  2934 | D:4      | HP: 10/52 [black bear (6)]
  2935 | D:4      | HP: 2/52 [black bear (8)]
  2935 | D:4      | Slain by a black bear

Levels and vault maps discovered:
D:1:      ebering_trefoil_twist, layout_basic, minmay_tetromino_i2
D:2:      layout_basic
D:3:      layout_basic, nicolae_overflow_crystal_walls, serial_shops, shop
D:4:      layout_gridville, kennysheep_little_box, st_stairs_8

Skill      XL: |  1  2  3  4  5  6 |
---------------+-------------------+-----
Ranged Weapons | 3 4 5 6 |  6.2
Fighting       | 2 4 |  4.2
Armour         | 1 |  1.0
Dodging        | |  2.1
Spellcasting   | |  1.0
Hexes          | |  2.0

Action                     |  1- 3 |  4- 6 || total
---------------------------+-------+-------++-------
   Fire: Sling             |   120 |   179 ||   299
    Use: Scroll            |     1 |     2 ||     3
         Potion            |       |     2 ||     2
 Armour: Robe              |    12 |     1 ||    13
         Ring mail         |       |    22 ||    22
  Dodge: Dodged            |    40 |    64 ||   104

Table legend:
 A = Non-vault XP
 B = Vault XP
 C = Vault XP percentage of total XP
 D = Non-vault monster count
 E = Vault monster count
 F = Vault count percentage of total count
                 A         B        C        D         E       F
            +---------+---------+-------+---------+---------+-------
      Total |     481 |       9 |   1.8 |      96 |       4 |   4.0
            +---------+---------+-------+---------+---------+-------
        D:1 |      59 |       4 |   6.3 |      33 |       2 |   5.7
        D:2 |      55 |       0 |   0.0 |      24 |       0 |   0.0
        D:3 |      57 |       0 |   0.0 |      19 |       0 |   0.0
        D:4 |     310 |       5 |   1.6 |      20 |       2 |   9.1
            +---------+---------+-------+---------+---------+-------
